Ice Hogs vs Marlies

Created - Tuesday, December 08, 2015 at 03:32

Goals
1 2 3 T
Ice Hogs 0 1 2 3
Marlies 0 1 0 1
Shots
1 2 3 T
Ice Hogs 8 11 11 30
Marlies 5 12 7 24

1st period

No Goal

Penalties :
Chad Nehring (TOR) for Fighting (Major) at 2:48, Jean-Philippe Cote (RIH) for Fighting (Major) at 2:48, Gemel Smith (TOR) for Holding (Minor) at 4:55, Rich Clune (TOR) for Fighting (Major) at 9:30, Jean-Philippe Cote (RIH) for Fighting (Major) at 9:30

2nd period

1. Ice Hogs , Colin McDonald 7 (Travis Morin) at 4:05
2. Marlies , Rich Clune 5 (Jonathon Blum) at 14:44 (PP)

Penalties :
FARM PLAYER12 (TOR) for Roughing (Minor) at 5:22, Will Acton (RIH) for Holding (Minor) at 14:10, Jean-Philippe Cote (RIH) for Boarding (Minor) at 17:47

3rd period

3. Ice Hogs , J.T. Miller 12 (Alexey Marchenko, Yann Danis) at 2:35
4. Ice Hogs , Colin McDonald 8 (Mat Bodie) at 13:47 (PP)

Penalties :
Rich Clune (TOR) for Interference (Minor) at 0:27, Andy Miele (TOR) for Hooking (Minor) at 11:55, Scott Wilson (RIH) for Interference (Minor) at 16:00

Goalie Stats

Yann Danis (RIH), 23 saves from 24 shots - (0.958), W, 16-7-5, 60:00 minutes
Dustin Tokarski (TOR), 27 saves from 30 shots - (0.900), L, 10-4-1, 60:00 minutes

Players Stats for Ice Hogs

Player Name              G  A  P  +/- PIM S  H  SB GA TA FO     MP     PP MP  PK MP  
------------------------------------------------------------------------------------
Alexey Marchenko         0  1  1   2  0   3  1  2  3  2  0/0    23:28   3:32   2:01 
Anton Volchenkov         0  0  0   0  0   2  2  0  1  1  0/0    23:03   4:17   2:31 
Colin McDonald           2  0  2   1  0   8  1  0  5  1  0/0    17:45   4:11   2:26 
Derek Hulak              0  0  0   0  0   0  0  0  1  0  0/0    10:48   0:00   0:00 
Frank Corrado            0  0  0   2  0   1  0  2  2  1  0/0    23:41   3:32   2:01 
J.T. Miller              1  0  1   1  0   4  1  2  2  0  0/1    18:39   3:38   2:06 
Jean-Philippe Cote       0  0  0   0  12  1  1  0  0  1  0/0    12:19   0:00   0:00 
Mat Bodie                0  1  1   0  0   2  1  1  0  0  0/0    20:31   4:17   0:00 
Mathieu Brodeur          0  0  0   0  0   1  4  0  0  2  0/0    17:08   0:00   2:31 
Matt Fraser              0  0  0   1  0   3  1  0  4  0  1/1    16:33   3:38   0:00 
Oscar Lindberg           0  0  0   0  0   0  1  0  1  0  0/1    12:48   0:00   0:00 
Petr Straka              0  0  0   0  0   0  0  0  1  1  0/0    12:48   0:00   0:00 
Ryan Haggerty            0  0  0   0  0   1  1  0  0  0  0/0    10:48   0:00   0:00 
Scott Wilson             0  0  0   1  2   1  1  0  1  1  0/0    15:05   4:11   0:00 
T.J. Tynan               0  0  0   0  0   0  0  0  0  1  0/1    10:48   0:00   0:00 
Tim Schaller             0  0  0   1  0   1  3  0  0  2  6/13   18:39   3:38   2:06 
Travis Morin             0  1  1   1  0   2  4  0  0  0  7/15   17:45   4:11   2:26 
Will Acton               0  0  0   0  2   0  2  0  0  0  1/2    12:47   0:00   0:00 

Players Stats for Marlies

Player Name              G  A  P  +/- PIM S  H  SB GA TA FO     MP     PP MP  PK MP  
------------------------------------------------------------------------------------
Andrew Yogan             0  0  0  -1  0   2  2  0  0  1  2/5    13:42   0:00   0:00 
Andy Miele               0  0  0   0  2   0  0  0  4  2  5/14   22:30   1:53   4:55 
Austen Brassard          0  0  0   0  0   4  0  0  4  1  0/0    16:15   2:05   0:00 
Bobby Shea               0  0  0  -1  0   2  2  1  1  2  0/0    22:47   2:07   3:13 
Brock McGinn             0  0  0  -1  0   3  1  1  3  2  0/0    15:16   0:00   1:34 
Chad Nehring             0  0  0   0  5   0  1  1  0  0  1/2     7:33   0:00   0:00 
FARM PLAYER12            0  0  0  -1  2   0  0  0  0  0  0/0    16:34   0:00   2:00 
FARM PLAYER20            0  0  0  -1  0   0  0  0  0  1  0/0    14:35   0:00   0:39 
Gemel Smith              0  0  0   0  2   2  2  0  1  0  4/5    16:34   2:05   0:00 
Ian Schultz              0  0  0  -1  0   0  3  0  0  0  0/0    13:42   0:00   0:00 
Jonathon Blum            0  1  1  -1  0   1  0  1  1  3  0/0    24:25   2:25   4:36 
Nicolas Deschamps        0  0  0   0  0   2  2  1  2  0  0/0     8:14   0:00   0:00 
Phil Di Giuseppe         0  0  0   0  0   0  1  1  0  0  1/1    18:00   2:05   0:52 
Rich Clune               1  0  1  -1  7   5  2  0  2  0  1/1    15:32   2:27   4:29 
Ryan Carpenter           0  0  0   0  0   0  0  0  0  0  1/1    14:58   2:27   1:09 
Scott Harrington         0  0  0  -1  0   0  4  2  2  1  0/0    24:25   2:25   4:36 
Shane Bakker             0  0  0   0  0   0  0  0  0  0  4/5     5:15   0:34   0:00 
Travis Ehrhardt          0  0  0  -1  0   3  2  5  1  1  0/0    21:48   2:07   3:13 

3 Stars

1 - Colin McDonald (RIH)
2 - Yann Danis (RIH)
3 - J.T. Miller (RIH)

Power Play

Ice Hogs - 1 on 4 Attempt(s) - 25.00%
Marlies - 1 on 3 Attempt(s) - 33.33%

Penalty Kill

Ice Hogs - 2 on 3 Attempt(s) - 66.67% - Score 0 goal in Penalty Kill
Marlies - 3 on 4 Attempt(s) - 75.00% - Score 0 goal in Penalty Kill

Team Stat

Ice Hogs - Hits : 24 - Faceoff Wins : 15 - Blocked Shots : 7 - Penalty Minutes : 16
Marlies - Hits : 22 - Faceoff Wins : 19 - Blocked Shots : 13 - Penalty Minutes : 18

Official

Referees : Unknown
Linesman : Unknown

Game Notes

Jean-Philippe Cote beats up Chad Nehring at 2:48 of 1st period
Jean-Philippe Cote beats up Rich Clune at 9:30 of 1st period

Finance

Level 1 -- Attendance: 1527 (76.35%) -- Ticket Income $53,445
Level 2 -- Attendance: 733 (73.30%) -- Ticket Income $10,995
Total Attendance: 2260 (75.33%)
Total Ticket Income: $64,440
Other Income: $31,576
Total Income: $96,016

Ice Hogs

5 vs 5 Forward 
   Center                   Left Wing                Right Wing               Time % Phy DF OF 
 1 Tim Schaller             Matt Fraser              J.T. Miller              30     0   2  3  
 2 Travis Morin             Scott Wilson             Colin McDonald           25     0   2  3  
 3 Oscar Lindberg           Will Acton               Petr Straka              25     1   2  2  
 4 T.J. Tynan               Derek Hulak              Ryan Haggerty            20     1   2  2  

5 vs 5 Defense 
   Defense                  Defense                                           Time % Phy DF OF 
 1 Anton Volchenkov         Mathieu Brodeur                                   30     1   2  2  
 2 Alexey Marchenko         Frank Corrado                                     30     1   2  2  
 3 Mat Bodie                Jean-Philippe Cote                                30     1   2  2  
 4 Anton Volchenkov         Frank Corrado                                     10     1   2  2  

PowerPlay Forward 
   Center                   Left Wing                Right Wing               Time % Phy DF OF 
 1 Tim Schaller             Matt Fraser              J.T. Miller              50     1   1  3  
 2 Travis Morin             Scott Wilson             Colin McDonald           50     1   1  3  

PowerPlay Defense
   Defense                  Defense                                           Time % Phy DF OF 
 1 Anton Volchenkov         Mat Bodie                                         50     0   2  3  
 2 Alexey Marchenko         Frank Corrado                                     50     0   2  3  

Penalty Kill 4 Players Forward 
   Center                   Wing                     Time % Phy DF OF 
 1 Tim Schaller             J.T. Miller              50     1   3  1  
 2 Travis Morin             Colin McDonald           50     1   3  1  

Penalty Kill 4 Players Defense
   Defense                  Defense                  Time % Phy DF OF 
 1 Anton Volchenkov         Mathieu Brodeur          50     1   4  0  
 2 Alexey Marchenko         Frank Corrado            50     1   4  0  

Penalty Kill - 3 Players Forward 
   Forward                                           Time % Phy DF OF 
 1 Tim Schaller                                      50     1   4  0  
 2 Travis Morin                                      50     1   4  0  

Penalty Kill - 3 Players Defense
   Defense                  Defense                  Time % Phy DF OF 
 1 Anton Volchenkov         Mathieu Brodeur          50     1   4  0  
 2 Alexey Marchenko         Frank Corrado            50     1   4  0  

4 vs 4 Forward 
   Center                   Wing                     Time % Phy DF OF 
 1 Oscar Lindberg           Petr Straka              50     1   2  2  
 2 Travis Morin             Colin McDonald           50     1   2  2  

4 vs 4 Defense
   Defense                  Defense                  Time % Phy DF OF 
 1 Alexey Marchenko         Frank Corrado            50     1   2  2  
 2 Mat Bodie                Jean-Philippe Cote       50     1   2  2  

Last Minutes Offensive
   Center                   Left Wing                Right Wing               Defense                  Defense                  
   Tim Schaller             J.T. Miller              Colin McDonald           Anton Volchenkov         Frank Corrado            

Last Minutes Defensive
   Center                   Left Wing                Right Wing               Defense                  Defense                  
   Travis Morin             Tim Schaller             J.T. Miller              Anton Volchenkov         Frank Corrado            

Goaltenders
Starting : Yann Danis               
Backup : Ryan Faragher            

Extra Forwards
Normal : Colin McDonald, Oscar Lindberg, Matt Fraser - PP : Colin McDonald, Matt Fraser - PK : Scott Wilson
Extra Defensemen
Normal : Frank Corrado, Mat Bodie, Anton Volchenkov - PP : Frank Corrado - PK : Frank Corrado, Anton Volchenkov
Penalty Shots
Travis Morin, Colin McDonald, J.T. Miller, Oscar Lindberg, Scott Wilson

Marlies

5 vs 5 Forward 
   Center                   Left Wing                Right Wing               Time % Phy DF OF 
 1 Andy Miele               Rich Clune               Ryan Carpenter           35     1   2  2  
 2 Gemel Smith              Phil Di Giuseppe         Austen Brassard          30     1   2  2  
 3 Andrew Yogan             Brock McGinn             Ian Schultz              22     1   2  2  
 4 Chad Nehring             Nicolas Deschamps        Andy Miele               13     1   2  2  

5 vs 5 Defense 
   Defense                  Defense                                           Time % Phy DF OF 
 1 Scott Harrington         Jonathon Blum                                     35     1   2  2  
 2 Travis Ehrhardt          Bobby Shea                                        30     1   2  2  
 3 FARM PLAYER12            FARM PLAYER20                                     22     1   2  2  
 4 Scott Harrington         Jonathon Blum                                     13     1   2  2  

PowerPlay Forward 
   Center                   Left Wing                Right Wing               Time % Phy DF OF 
 1 Andy Miele               Rich Clune               Ryan Carpenter           60     1   2  2  
 2 Gemel Smith              Phil Di Giuseppe         Austen Brassard          40     1   2  2  

PowerPlay Defense
   Defense                  Defense                                           Time % Phy DF OF 
 1 Scott Harrington         Jonathon Blum                                     60     1   2  2  
 2 Travis Ehrhardt          Bobby Shea                                        40     1   2  2  

Penalty Kill 4 Players Forward 
   Center                   Wing                     Time % Phy DF OF 
 1 Andy Miele               Rich Clune               60     1   2  2  
 2 Ryan Carpenter           Phil Di Giuseppe         40     1   2  2  

Penalty Kill 4 Players Defense
   Defense                  Defense                  Time % Phy DF OF 
 1 Scott Harrington         Jonathon Blum            60     1   2  2  
 2 Travis Ehrhardt          Bobby Shea               40     1   2  2  

Penalty Kill - 3 Players Forward 
   Forward                                           Time % Phy DF OF 
 1 Andy Miele                                        60     1   2  2  
 2 Rich Clune                                        40     1   2  2  

Penalty Kill - 3 Players Defense
   Defense                  Defense                  Time % Phy DF OF 
 1 Scott Harrington         Jonathon Blum            60     1   2  2  
 2 Travis Ehrhardt          Bobby Shea               40     1   2  2  

4 vs 4 Forward 
   Center                   Wing                     Time % Phy DF OF 
 1 Andy Miele               Rich Clune               60     1   2  2  
 2 Ryan Carpenter           Phil Di Giuseppe         40     1   2  2  

4 vs 4 Defense
   Defense                  Defense                  Time % Phy DF OF 
 1 Scott Harrington         Jonathon Blum            60     1   2  2  
 2 Travis Ehrhardt          Bobby Shea               40     1   2  2  

Last Minutes Offensive
   Center                   Left Wing                Right Wing               Defense                  Defense                  
   Andy Miele               Rich Clune               Ryan Carpenter           Scott Harrington         Jonathon Blum            

Last Minutes Defensive
   Center                   Left Wing                Right Wing               Defense                  Defense                  
   Andy Miele               Rich Clune               Ryan Carpenter           Scott Harrington         Jonathon Blum            

Goaltenders
Starting : Dustin Tokarski          
Backup : Peter Mannino            

Extra Forwards
Normal : Shane Bakker, Andrew Yogan, Brock McGinn - PP : Shane Bakker, Andrew Yogan - PK : Brock McGinn
Extra Defensemen
Normal : FARM PLAYER12, FARM PLAYER20, Travis Ehrhardt - PP : FARM PLAYER12 - PK : FARM PLAYER20, Travis Ehrhardt
Penalty Shots
Andy Miele, Rich Clune, Ryan Carpenter, Phil Di Giuseppe, Gemel Smith

% Time on Ice - Ice Hogs

Lines # - Real PCT - Wanted PCT - Time Play
Normal Forward
1 - 27% - 30% - 12:55
2 - 23% - 25% - 11:08
3 - 27% - 25% - 12:48
4 - 23% - 20% - 10:48
Normal Defense
1 - 29% - 30% - 13:54
2 - 32% - 30% - 15:03
3 - 36% - 30% - 17:00
4 - 4% - 10% - 1:42
PP Forward
1 - 46% - 50% - 3:38
2 - 54% - 50% - 4:11
PP Defense
1 - 55% - 50% - 4:17
2 - 45% - 50% - 3:32
PK Forward
1 - 46% - 50% - 2:06
2 - 54% - 50% - 2:26
PK Defense
1 - 56% - 50% - 2:31
2 - 44% - 50% - 2:01
PK3 Forward
1 - 0% - 50%
2 - 0% - 50%
PK3 Defense
1 - 0% - 50%
2 - 0% - 50%
44 Forward
1 - 0% - 50%
2 - 0% - 50%
44 Defense
1 - 0% - 50%
2 - 0% - 50%
Last Minute Offensive  - 0:00
Last Minute Defensive  - 0:00
Total
Forward - 60:00
Defense - 60:00

% Time on Ice - Marlies

Lines # - Real PCT - Wanted PCT - Time Play
Normal Forward
1 - 22% - 35% - 10:40
2 - 32% - 30% - 15:03
3 - 29% - 22% - 13:42
4 - 17% - 13% - 8:14
Normal Defense
1 - 31% - 35% - 14:51
2 - 35% - 30% - 16:28
3 - 29% - 22% - 13:47
4 - 5% - 13% - 2:33
PP Forward
1 - 54% - 60% - 2:27
2 - 46% - 40% - 2:05
PP Defense
1 - 53% - 60% - 2:25
2 - 47% - 40% - 2:07
PK Forward
1 - 89% - 60% - 6:57
2 - 11% - 40% - 0:52
PK Defense
1 - 59% - 60% - 4:36
2 - 41% - 40% - 3:13
PK3 Forward
1 - 0% - 60%
2 - 0% - 40%
PK3 Defense
1 - 0% - 60%
2 - 0% - 40%
44 Forward
1 - 0% - 60%
2 - 0% - 40%
44 Defense
1 - 0% - 60%
2 - 0% - 40%
Last Minute Offensive  - 0:00
Last Minute Defensive  - 0:00
Total
Forward - 60:00
Defense - 60:00

Play by Play

1st period


0:01 of 1st period - Tim Schaller wins face-off versus Andy Miele in neutral zone.
0:15 of 1st period - Slapshot by Jonathon Blum.
0:15 of 1st period - Stopped by Yann Danis with a rebound.
0:17 of 1st period - Wrist shot by Andy Miele.
0:17 of 1st period - Shot Misses the Net.
0:19 of 1st period - Slapshot by Rich Clune.
0:19 of 1st period - Stopped by Yann Danis without a rebound.
0:20 of 1st period - Tim Schaller wins face-off versus Andy Miele in Ice Hogs zone.
0:57 of 1st period - Snap shot by Travis Morin.
0:57 of 1st period - Stopped by Dustin Tokarski with a rebound.
0:59 of 1st period - Wrist shot by Colin McDonald.
0:59 of 1st period - Stopped by Dustin Tokarski with a rebound.
1:13 of 1st period - Snap shot by Gemel Smith.
1:13 of 1st period - Shot Blocked by Frank Corrado.
2:21 of 1st period - Mat Bodie is hit by Andrew Yogan and loses puck.
2:28 of 1st period - Wrist shot by Brock McGinn.
2:28 of 1st period - Stopped by Yann Danis with a rebound.
2:42 of 1st period - Ryan Haggerty is hit by Ian Schultz and loses puck.
2:48 of 1st period - Jean-Philippe Cote beats up Chad Nehring.
2:48 of 1st period - Penalty to Chad Nehring for Fighting.
2:48 of 1st period - Penalty to Jean-Philippe Cote for Fighting.
2:49 of 1st period - Shane Bakker wins face-off versus Travis Morin in Ice Hogs zone.
4:09 of 1st period - Travis Ehrhardt is hit by Mat Bodie and loses puck.
4:17 of 1st period - Bobby Shea is hit by Alexey Marchenko and loses puck.
4:30 of 1st period - Alexey Marchenko is hit by Bobby Shea.
4:39 of 1st period - Will Acton is hit by Travis Ehrhardt and loses puck.
4:55 of 1st period - Minor Penalty to Gemel Smith for Holding.
4:56 of 1st period - Andy Miele wins face-off versus Tim Schaller in Marlies zone.
5:32 of 1st period - Jonathon Blum is hit by Travis Morin and loses puck.
5:43 of 1st period - Wrist shot by Colin McDonald.
5:43 of 1st period - Stopped by Dustin Tokarski with a rebound.
5:45 of 1st period - Slapshot by Mat Bodie.
5:45 of 1st period - Stopped by Dustin Tokarski with a rebound.
5:51 of 1st period - Snap shot by Travis Morin.
5:51 of 1st period - Stopped by Dustin Tokarski with a rebound.
6:09 of 1st period - Snap shot by J.T. Miller.
6:09 of 1st period - Shot Misses the Net.
6:11 of 1st period - Slapshot by Frank Corrado.
6:11 of 1st period - Shot Misses the Net.
6:13 of 1st period - Slapshot by Frank Corrado.
6:13 of 1st period - Shot Misses the Net.
6:44 of 1st period - Travis Ehrhardt is hit by Tim Schaller and loses puck.
6:55 of 1st period - Penalty to Gemel Smith is over, Gemel Smith is back on ice.
7:17 of 1st period - Slapshot by Anton Volchenkov.
7:17 of 1st period - Shot Blocked by Bobby Shea.
8:24 of 1st period - Austen Brassard is hit by Oscar Lindberg and loses puck.
8:56 of 1st period - Petr Straka is hit by Nicolas Deschamps and loses puck.
9:07 of 1st period - Will Acton is hit by Brock McGinn.
9:19 of 1st period - Slapshot by Andrew Yogan.
9:19 of 1st period - Stopped by Yann Danis without a rebound.
9:20 of 1st period - Travis Morin wins face-off versus Andrew Yogan in Ice Hogs zone.
9:27 of 1st period - Snap shot by Colin McDonald.
9:27 of 1st period - Stopped by Dustin Tokarski without a rebound.
9:28 of 1st period - Andy Miele wins face-off versus Travis Morin in Marlies zone.
9:30 of 1st period - Jean-Philippe Cote beats up Rich Clune.
9:30 of 1st period - Penalty to Rich Clune for Fighting.
9:30 of 1st period - Penalty to Jean-Philippe Cote for Fighting.
9:31 of 1st period - Andy Miele wins face-off versus Tim Schaller in neutral zone.
10:14 of 1st period - Ryan Carpenter is hit by Anton Volchenkov and loses puck.
10:22 of 1st period - Icing by Shane Bakker.
10:23 of 1st period - Shane Bakker wins face-off versus Travis Morin in Marlies zone.
11:47 of 1st period - Slapshot by Frank Corrado.
11:47 of 1st period - Shot Blocked by Jonathon Blum.
12:59 of 1st period - Travis Ehrhardt is hit by Tim Schaller and loses puck.
13:24 of 1st period - Bobby Shea is hit by Travis Morin and loses puck.
14:28 of 1st period - Snap shot by Andrew Yogan.
14:28 of 1st period - Stopped by Yann Danis with a rebound.
14:51 of 1st period - Jonathon Blum is hit by J.T. Miller and loses puck.
15:14 of 1st period - Wrist shot by Colin McDonald.
15:14 of 1st period - Shot Misses the Net.
15:16 of 1st period - Snap shot by Colin McDonald.
15:16 of 1st period - Shot Misses the Net.
16:57 of 1st period - Jonathon Blum is hit by Matt Fraser.
17:07 of 1st period - Scott Wilson is hit by Nicolas Deschamps and loses puck.
17:36 of 1st period - Will Acton is hit by Andrew Yogan and loses puck.
17:53 of 1st period - Phil Di Giuseppe is hit by Mathieu Brodeur and loses puck.
18:38 of 1st period - Snap shot by Ryan Haggerty.
18:38 of 1st period - Stopped by Dustin Tokarski with a rebound.
18:40 of 1st period - Wrist shot by Jean-Philippe Cote.
18:40 of 1st period - Stopped by Dustin Tokarski with a rebound.
Goals for this period are 0 for Ice Hogs vs 0 for Marlies.
Shots for this period are 8 for Ice Hogs vs 5 for Marlies.

2nd period


0:01 of 2nd period - Andy Miele wins face-off versus J.T. Miller in neutral zone.
0:28 of 2nd period - Snap shot by Matt Fraser.
0:28 of 2nd period - Stopped by Dustin Tokarski with a rebound.
0:30 of 2nd period - Snap shot by Matt Fraser.
0:30 of 2nd period - Stopped by Dustin Tokarski with a rebound.
0:32 of 2nd period - Wrist shot by Tim Schaller.
0:32 of 2nd period - Stopped by Dustin Tokarski with a rebound.
0:34 of 2nd period - Wrist shot by Frank Corrado.
0:34 of 2nd period - Shot Misses the Net.
1:08 of 2nd period - Andy Miele is hit by Travis Morin and loses puck.
1:35 of 2nd period - Phil Di Giuseppe is hit by Mathieu Brodeur and loses puck.
2:12 of 2nd period - T.J. Tynan is hit by Gemel Smith.
3:23 of 2nd period - Slapshot by J.T. Miller.
3:23 of 2nd period - Shot Blocked by Chad Nehring.
3:41 of 2nd period - Snap shot by Austen Brassard.
3:41 of 2nd period - Stopped by Yann Danis with a rebound.
3:43 of 2nd period - Snap shot by Austen Brassard.
3:43 of 2nd period - Stopped by Yann Danis with a rebound.
3:45 of 2nd period - Snap shot by Travis Ehrhardt.
3:45 of 2nd period - Stopped by Yann Danis without a rebound.
3:46 of 2nd period - Gemel Smith wins face-off versus Travis Morin in Ice Hogs zone.
4:01 of 2nd period - Slapshot by Frank Corrado.
4:01 of 2nd period - Stopped by Dustin Tokarski without a rebound.
4:02 of 2nd period - Travis Morin wins face-off versus Andrew Yogan in Marlies zone.
4:05 of 2nd period - Slapshot by Colin McDonald.
4:05 of 2nd period - Goal by Colin McDonald - Ice Hogs : 1 - Marlies : 0.
4:06 of 2nd period - Gemel Smith wins face-off versus Travis Morin in neutral zone.
4:19 of 2nd period - Snap shot by Austen Brassard.
4:19 of 2nd period - Stopped by Yann Danis with a rebound.
5:10 of 2nd period - Matt Fraser is hit by Ian Schultz and loses puck.
5:22 of 2nd period - Minor Penalty to FARM PLAYER12 for Roughing.
5:23 of 2nd period - Travis Morin wins face-off versus Andy Miele in Marlies zone.
6:34 of 2nd period - Snap shot by Travis Morin.
6:34 of 2nd period - Shot Misses the Net.
6:36 of 2nd period - Snap shot by Travis Morin.
6:36 of 2nd period - Shot Misses the Net.
6:49 of 2nd period - Slapshot by Mat Bodie.
6:49 of 2nd period - Shot Misses the Net.
6:51 of 2nd period - Wrist shot by Matt Fraser.
6:51 of 2nd period - Shot Blocked by Travis Ehrhardt.
6:53 of 2nd period - Snap shot by J.T. Miller.
6:53 of 2nd period - Shot Misses the Net.
7:17 of 2nd period - Phil Di Giuseppe is hit by Travis Morin and loses puck.
7:22 of 2nd period - Penalty to FARM PLAYER12 is over, FARM PLAYER12 is back on ice.
7:39 of 2nd period - Slapshot by Anton Volchenkov.
7:39 of 2nd period - Shot Misses the Net.
7:57 of 2nd period - Slapshot by Anton Volchenkov.
7:57 of 2nd period - Shot Blocked by Travis Ehrhardt.
7:59 of 2nd period - Slapshot by Mathieu Brodeur.
7:59 of 2nd period - Shot Misses the Net.
8:01 of 2nd period - Wrist shot by Will Acton.
8:01 of 2nd period - Shot Blocked by Travis Ehrhardt.
8:03 of 2nd period - Snap shot by Will Acton.
8:03 of 2nd period - Shot Hit the Post.
8:05 of 2nd period - Slapshot by Mat Bodie.
8:05 of 2nd period - Shot Blocked by Travis Ehrhardt.
8:32 of 2nd period - Snap shot by Brock McGinn.
8:32 of 2nd period - Stopped by Yann Danis with a rebound.
9:27 of 2nd period - Nicolas Deschamps is hit by Will Acton.
9:33 of 2nd period - Slapshot by Nicolas Deschamps.
9:33 of 2nd period - Stopped by Yann Danis with a rebound.
10:02 of 2nd period - Scott Harrington is hit by Scott Wilson and loses puck.
10:59 of 2nd period - Will Acton is hit by Scott Harrington and loses puck.
11:06 of 2nd period - Jonathon Blum is hit by Anton Volchenkov and loses puck.
11:21 of 2nd period - Snap shot by Colin McDonald.
11:21 of 2nd period - Stopped by Dustin Tokarski with a rebound.
11:25 of 2nd period - Slapshot by Travis Morin.
11:25 of 2nd period - Deflect By Colin McDonald.
11:25 of 2nd period - Stopped by Dustin Tokarski with a rebound.
11:27 of 2nd period - Slapshot by Mat Bodie.
11:27 of 2nd period - Stopped by Dustin Tokarski with a rebound.
11:29 of 2nd period - Slapshot by Jean-Philippe Cote.
11:29 of 2nd period - Shot Misses the Net.
11:31 of 2nd period - Wrist shot by Scott Wilson.
11:31 of 2nd period - Stopped by Dustin Tokarski with a rebound.
11:33 of 2nd period - Slapshot by Travis Morin.
11:33 of 2nd period - Shot Blocked by Nicolas Deschamps.
11:51 of 2nd period - FARM PLAYER12 is hit by Tim Schaller and loses puck.
12:16 of 2nd period - Icing by Mat Bodie.
12:17 of 2nd period - Shane Bakker wins face-off versus Will Acton in Ice Hogs zone.
12:20 of 2nd period - Slapshot by Rich Clune.
12:20 of 2nd period - Stopped by Yann Danis with a rebound.
13:09 of 2nd period - Snap shot by Travis Morin.
13:09 of 2nd period - Shot Misses the Net.
13:11 of 2nd period - Snap shot by Frank Corrado.
13:11 of 2nd period - Shot Blocked by Phil Di Giuseppe.
13:13 of 2nd period - Snap shot by Alexey Marchenko.
13:13 of 2nd period - Stopped by Dustin Tokarski with a rebound.
14:10 of 2nd period - Minor Penalty to Will Acton for Holding.
14:11 of 2nd period - Tim Schaller wins face-off versus Shane Bakker in Ice Hogs zone.
14:22 of 2nd period - Slapshot by Bobby Shea.
14:22 of 2nd period - Deflect By Rich Clune.
14:22 of 2nd period - Stopped by Yann Danis with a rebound.
14:24 of 2nd period - Snap shot by Ryan Carpenter.
14:24 of 2nd period - Shot Blocked by Frank Corrado.
14:26 of 2nd period - Slapshot by Travis Ehrhardt.
14:26 of 2nd period - Deflect By Rich Clune.
14:26 of 2nd period - Shot Blocked by Alexey Marchenko.
14:26 of 2nd period - Puck is out of play.
14:27 of 2nd period - Shane Bakker wins face-off versus Tim Schaller in Ice Hogs zone.
14:44 of 2nd period - Snap shot by Rich Clune.
14:44 of 2nd period - Goal by Rich Clune - Ice Hogs : 1 - Marlies : 1.
14:45 of 2nd period - Andrew Yogan wins face-off versus Tim Schaller in neutral zone.
14:52 of 2nd period - Andrew Yogan is hit by Mathieu Brodeur and loses puck.
15:11 of 2nd period - Wrist shot by Ian Schultz.
15:11 of 2nd period - Shot Misses the Net.
15:48 of 2nd period - Jonathon Blum is hit by Colin McDonald and loses puck.
16:28 of 2nd period - Slapshot by Alexey Marchenko.
16:28 of 2nd period - Stopped by Dustin Tokarski with a rebound.
17:04 of 2nd period - Alexey Marchenko is hit by Gemel Smith and loses puck.
17:17 of 2nd period - Snap shot by Gemel Smith.
17:17 of 2nd period - Shot Misses the Net.
17:19 of 2nd period - Wrist shot by Gemel Smith.
17:19 of 2nd period - Shot Blocked by Alexey Marchenko.
17:21 of 2nd period - Snap shot by Gemel Smith.
17:21 of 2nd period - Deflect By Alexey Marchenko.
17:21 of 2nd period - Stopped by Yann Danis without a rebound.
17:22 of 2nd period - Chad Nehring wins face-off versus Tim Schaller in Ice Hogs zone.
17:47 of 2nd period - Minor Penalty to Jean-Philippe Cote for Boarding.
17:48 of 2nd period - Phil Di Giuseppe wins face-off versus Travis Morin in Ice Hogs zone.
18:39 of 2nd period - Wrist shot by Andy Miele.
18:39 of 2nd period - Shot Misses the Net.
18:41 of 2nd period - Snap shot by Rich Clune.
18:41 of 2nd period - Stopped by Yann Danis with a rebound.
18:43 of 2nd period - Snap shot by Travis Ehrhardt.
18:43 of 2nd period - Deflect By Anton Volchenkov.
18:43 of 2nd period - Stopped by Yann Danis with a rebound.
18:45 of 2nd period - Slapshot by Bobby Shea.
18:45 of 2nd period - Shot Misses the Net.
18:47 of 2nd period - Snap shot by Rich Clune.
18:47 of 2nd period - Shot Misses the Net.
19:25 of 2nd period - Wrist shot by Scott Harrington.
19:25 of 2nd period - Shot Misses the Net.
19:27 of 2nd period - Slapshot by Jonathon Blum.
19:27 of 2nd period - Deflect By Gemel Smith.
19:27 of 2nd period - Shot Misses the Net.
19:27 of 2nd period - Puck is out of play.
19:28 of 2nd period - Tim Schaller wins face-off versus Gemel Smith in Ice Hogs zone.
19:35 of 2nd period - Slapshot by Frank Corrado.
19:35 of 2nd period - Shot Misses the Net.
19:47 of 2nd period - Penalty to Jean-Philippe Cote is over, Jean-Philippe Cote is back on ice.
19:48 of 2nd period - Icing by Colin McDonald.
19:49 of 2nd period - Travis Morin wins face-off versus Andy Miele in Ice Hogs zone.
Goals for this period are 1 for Ice Hogs vs 1 for Marlies.
Shots for this period are 11 for Ice Hogs vs 12 for Marlies.

3rd period


0:01 of 3rd period - Tim Schaller wins face-off versus Andy Miele in neutral zone.
0:04 of 3rd period - Wrist shot by J.T. Miller.
0:04 of 3rd period - Deflect By Andy Miele.
0:04 of 3rd period - Stopped by Dustin Tokarski with a rebound.
0:06 of 3rd period - Snap shot by J.T. Miller.
0:06 of 3rd period - Shot Blocked by Scott Harrington.
0:27 of 3rd period - Minor Penalty to Rich Clune for Interference.
0:28 of 3rd period - Travis Morin wins face-off versus Andy Miele in Marlies zone.
0:48 of 3rd period - Backhand shot by Travis Morin.
0:48 of 3rd period - Shot Blocked by Scott Harrington.
0:50 of 3rd period - Snap shot by Scott Wilson.
0:50 of 3rd period - Shot Misses the Net.
0:58 of 3rd period - Wrist shot by Colin McDonald.
0:58 of 3rd period - Stopped by Dustin Tokarski with a rebound.
1:00 of 3rd period - Slapshot by Anton Volchenkov.
1:00 of 3rd period - Stopped by Dustin Tokarski without a rebound.
1:01 of 3rd period - Matt Fraser wins face-off versus Andy Miele in Marlies zone.
1:14 of 3rd period - Snap shot by Matt Fraser.
1:14 of 3rd period - Shot Hit the Post.
1:16 of 3rd period - Slapshot by Alexey Marchenko.
1:16 of 3rd period - Shot Misses the Net.
1:18 of 3rd period - Backhand shot by Matt Fraser.
1:18 of 3rd period - Shot Blocked by Brock McGinn.
1:20 of 3rd period - Snap shot by Tim Schaller.
1:20 of 3rd period - Shot Misses the Net.
1:22 of 3rd period - Snap shot by J.T. Miller.
1:22 of 3rd period - Stopped by Dustin Tokarski without a rebound.
1:23 of 3rd period - Travis Morin wins face-off versus Andy Miele in Marlies zone.
1:42 of 3rd period - Snap shot by Colin McDonald.
1:42 of 3rd period - Shot Misses the Net.
1:44 of 3rd period - Slapshot by Travis Morin.
1:44 of 3rd period - Shot Misses the Net.
2:10 of 3rd period - Anton Volchenkov is hit by Scott Harrington and loses puck.
2:27 of 3rd period - Penalty to Rich Clune is over, Rich Clune is back on ice.
2:31 of 3rd period - Wrist shot by J.T. Miller.
2:31 of 3rd period - Shot Blocked by Travis Ehrhardt.
2:33 of 3rd period - Slapshot by Alexey Marchenko.
2:33 of 3rd period - Stopped by Dustin Tokarski with a rebound.
2:35 of 3rd period - Wrist shot by J.T. Miller.
2:35 of 3rd period - Goal by J.T. Miller - Ice Hogs : 2 - Marlies : 1.
2:36 of 3rd period - Gemel Smith wins face-off versus Oscar Lindberg in neutral zone.
3:03 of 3rd period - Off-side.
3:04 of 3rd period - Andrew Yogan wins face-off versus Tim Schaller in neutral zone.
3:17 of 3rd period - Jonathon Blum is hit by Mathieu Brodeur and loses puck.
4:11 of 3rd period - Alexey Marchenko is hit by Scott Harrington and loses puck.
5:29 of 3rd period - Mathieu Brodeur is hit by Phil Di Giuseppe and loses puck.
6:20 of 3rd period - Scott Harrington is hit by Jean-Philippe Cote and loses puck.
6:31 of 3rd period - J.T. Miller is hit by Rich Clune and loses puck.
6:50 of 3rd period - Slapshot by J.T. Miller.
6:50 of 3rd period - Stopped by Dustin Tokarski with a rebound.
7:17 of 3rd period - Wrist shot by Andrew Yogan.
7:17 of 3rd period - Shot Misses the Net.
8:22 of 3rd period - Slapshot by Bobby Shea.
8:22 of 3rd period - Stopped by Yann Danis with a rebound.
8:24 of 3rd period - Slapshot by Travis Ehrhardt.
8:24 of 3rd period - Deflect By Anton Volchenkov.
8:24 of 3rd period - Stopped by Yann Danis with a rebound.
8:26 of 3rd period - Snap shot by Bobby Shea.
8:26 of 3rd period - Shot Misses the Net.
8:28 of 3rd period - Wrist shot by Nicolas Deschamps.
8:28 of 3rd period - Stopped by Yann Danis with a rebound.
8:30 of 3rd period - Snap shot by Bobby Shea.
8:30 of 3rd period - Stopped by Yann Danis without a rebound.
8:31 of 3rd period - Tim Schaller wins face-off versus Andrew Yogan in Ice Hogs zone.
8:31 of 3rd period - Tim Schaller is hit by Bobby Shea.
10:14 of 3rd period - Travis Ehrhardt is hit by Will Acton and loses puck.
10:49 of 3rd period - Wrist shot by Matt Fraser.
10:49 of 3rd period - Stopped by Dustin Tokarski with a rebound.
11:24 of 3rd period - Slapshot by Anton Volchenkov.
11:24 of 3rd period - Stopped by Dustin Tokarski with a rebound.
11:55 of 3rd period - Minor Penalty to Andy Miele for Hooking.
11:56 of 3rd period - Ryan Carpenter wins face-off versus Tim Schaller in Marlies zone.
13:47 of 3rd period - Snap shot by Colin McDonald.
13:47 of 3rd period - Goal by Colin McDonald - Ice Hogs : 3 - Marlies : 1.
13:48 of 3rd period - Will Acton wins face-off versus Chad Nehring in neutral zone.
14:18 of 3rd period - Slapshot by Anton Volchenkov.
14:18 of 3rd period - Shot Misses the Net.
14:20 of 3rd period - Wrist shot by Mathieu Brodeur.
14:20 of 3rd period - Stopped by Dustin Tokarski without a rebound.
14:21 of 3rd period - Gemel Smith wins face-off versus T.J. Tynan in Marlies zone.
14:30 of 3rd period - Slapshot by Austen Brassard.
14:30 of 3rd period - Shot Blocked by Mat Bodie.
15:12 of 3rd period - Matt Fraser is hit by Ian Schultz and loses puck.
15:23 of 3rd period - Wrist shot by Ian Schultz.
15:23 of 3rd period - Shot Misses the Net.
15:25 of 3rd period - Slapshot by Travis Ehrhardt.
15:25 of 3rd period - Deflect By Brock McGinn.
15:25 of 3rd period - Stopped by Yann Danis with a rebound.
15:27 of 3rd period - Slapshot by Travis Ehrhardt.
15:27 of 3rd period - Shot Misses the Net.
15:29 of 3rd period - Slapshot by Bobby Shea.
15:29 of 3rd period - Shot Misses the Net.
15:37 of 3rd period - Wrist shot by Ian Schultz.
15:37 of 3rd period - Shot Misses the Net.
16:00 of 3rd period - Minor Penalty to Scott Wilson for Interference.
16:01 of 3rd period - Travis Morin wins face-off versus Andy Miele in Ice Hogs zone.
16:01 of 3rd period - Travis Morin is hit by Travis Ehrhardt.
16:43 of 3rd period - Anton Volchenkov is hit by Scott Harrington and loses puck.
16:54 of 3rd period - Slapshot by Austen Brassard.
16:54 of 3rd period - Stopped by Yann Danis with a rebound.
16:56 of 3rd period - Snap shot by Travis Ehrhardt.
16:56 of 3rd period - Shot Blocked by J.T. Miller.
16:58 of 3rd period - Snap shot by Bobby Shea.
16:58 of 3rd period - Shot Blocked by J.T. Miller.
17:00 of 3rd period - Slapshot by Gemel Smith.
17:00 of 3rd period - Stopped by Yann Danis without a rebound.
17:01 of 3rd period - Rich Clune wins face-off versus Travis Morin in Ice Hogs zone.
17:45 of 3rd period - Off-side.
17:46 of 3rd period - Andy Miele wins face-off versus Travis Morin in neutral zone.
18:00 of 3rd period - Penalty to Scott Wilson is over, Scott Wilson is back on ice.
18:00 of 3rd period - Mathieu Brodeur is hit by Rich Clune and loses puck.
19:29 of 3rd period - Nicolas Deschamps is hit by Ryan Haggerty and loses puck.
19:44 of 3rd period - J.T. Miller is hit by Chad Nehring and loses puck.
Goals for this period are 2 for Ice Hogs vs 0 for Marlies.
Shots for this period are 11 for Ice Hogs vs 7 for Marlies.